AoeStats
← Carmelo maradona

MegaRandom

510016804Analyzed
4v4 RM · 3d ago on Sep 29, 2026· 56m 45s· 8 players
Game mode
Random Map
Map size
Large (8 player)
Population
200
Speed
Normal
Resources
Standard
Victory
Conquest
Starting age
Dark Age
Ending age
Imperial Age
RankedLock teamsTeams togetherTeam positionsShared explorationLock speedFull tech treeHidden civsTurbo modeCheats
Victory
Defeat
🇨🇴 Mongols · Colombia
1455
+14
🇨🇴 Muisca · Colombia
1446
+14
🇵🇪 Ethiopians · Peru
1419
+15
🇨🇴 Huns · Colombia
1246
+23
🇧🇷 Britons · Brazil
1491
-20
🇧🇷 Persians · Brazil
1393
-16
🇧🇷 Ethiopians · Brazil
1379
-16
🇨🇱 Khmer · Chile
1343
-14
JAGR | BkB
0:30 Loom
8:08 Feudal Age
9:01 Double-Bit Axe
9:50 Fletching
19:53 Horse Collar
25:21 Castle Age
23:59 Padded Archer Armor
23:51 Gold Mining
26:33 Wheelbarrow
25:24 Crossbowman
26:38 Bodkin Arrow
28:32 Ballistics
29:58 Town Watch
43:48 Imperial Age
42:17 Squires
42:23 Scale Mail Armor
42:33 Forging
42:37 Stone Mining
43:28 Chain Mail Armor
43:52 Halberdier
45:41 Plate Mail Armor
46:43 Iron Casting
47:19 Chemistry
47:00 Bow Saw
46:55 Heavy Plow
53:38 Blast Furnace
52:39 Elite Skirmisher
53:25 Thumb Ring
54:18 Bracer
55:22 Leather Archer Armor
56:41 Conscription
56:53 Ring Archer Armor
JAGR | DesNoguns
0:33 Loom
10:14 Feudal Age
14:20 Castle Age
13:09 Double-Bit Axe
15:14 Fletching
15:15 Horse Collar
18:17 Town Watch
21:07 Gold Mining
22:03 Padded Archer Armor
23:22 Bodkin Arrow
24:45 Ballistics
29:23 Leather Archer Armor
31:06 Stone Mining
37:43 Imperial Age
37:40 Wheelbarrow
38:24 Bracer
39:33 Chemistry
42:08 Conscription
42:15 Elite Skirmisher
43:02 Scale Mail Armor
44:28 Chain Mail Armor
44:22 Murder Holes
49:47 Pikeman
55:10 Plate Mail Armor
54:42 Squires
Carmelo maradona
0:30 Loom
11:25 Feudal Age
15:54 Castle Age
13:50 Fletching
16:36 Bodkin Arrow
16:42 Padded Archer Armor
19:48 Ballistics
21:09 Leather Archer Armor
27:05 Wheelbarrow
30:29 Gold Mining
35:57 Imperial Age
34:02 Double-Bit Axe
36:50 Bracer
37:53 Chemistry
41:22 Husbandry
42:28 Bloodlines
43:51 Town Watch
45:08 Capped Ram
47:29 Elite Mangudai
48:30 Conscription
50:32 Scale Barding Armor
50:38 Forging
JAGR | HIPERYON
7:00 Loom
9:13 Feudal Age
9:54 Town Watch
10:02 Double-Bit Axe
11:03 Horse Collar
11:56 Scale Barding Armor
14:54 Forging
23:22 Castle Age
21:47 Gold Mining
24:16 Husbandry
24:42 Town Patrol
25:01 Bow Saw
25:06 Bloodlines
25:13 Fletching
26:05 Bodkin Arrow
29:22 Wheelbarrow
29:20 Chain Barding Armor
29:35 Heavy Plow
36:32 Hand Cart
38:43 Iron Casting
43:20 Imperial Age
41:43 Gold Shaft Mining
44:28 Conscription
43:34 Cavalier
45:35 Plate Barding Armor
46:37 Blast Furnace
48:15 Light Cavalry
Bet0
0:29 Loom
8:53 Feudal Age
9:44 Double-Bit Axe
11:42 Horse Collar
18:54 Castle Age
17:19 Gold Mining
18:40 Forging
18:57 Town Watch
19:42 Bloodlines
19:23 Fishing Lines
19:59 Scale Barding Armor
24:18 Chain Barding Armor
25:19 Wheelbarrow
26:26 Heavy Plow
27:17 Husbandry
33:42 Imperial Age
32:45 Iron Casting
32:35 Hand Cart
34:36 Plate Barding Armor
33:23 Cavalier
36:16 Blast Furnace
39:32 Savar
43:27 Light Cavalry
44:43 Hussar
46:01 Guilds
47:25 Capped Ram
48:16 Siege Ram
50:03 Heavy Camel Rider
GuguBot
0:33 Loom
7:55 Feudal Age
8:47 Double-Bit Axe
12:08 Fletching
21:28 Castle Age
20:43 Padded Archer Armor
21:32 Crossbowman
22:08 Bodkin Arrow
24:08 Ballistics
26:21 Fishing Lines
31:27 Imperial Age
32:09 Bracer
34:43 Conscription
33:56 Arbalester
46:06 Capped Ram
50:27 Caravan
51:54 Yeomen
Tamy Chan
0:28 Loom
8:23 Feudal Age
9:04 Double-Bit Axe
12:17 Fletching
17:19 Fishing Lines
19:18 Horse Collar
24:46 Castle Age
24:20 Padded Archer Armor
25:33 Wheelbarrow
24:53 Crossbowman
26:21 Medium Warships
27:45 Bow Saw
33:30 Town Watch
38:29 Gillnets
40:48 Hand Cart
42:09 Elite Skirmisher
46:04 Town Patrol
46:08 Bodkin Arrow
51:34 Heavy Plow
-DOKO-
6:15 Loom
8:27 Feudal Age
9:22 Double-Bit Axe
20:54 Castle Age
19:06 Gold Mining
19:49 Bloodlines
20:38 Scale Barding Armor
20:44 Forging
21:17 Light Cavalry
22:29 Bow Saw
32:46 Chain Barding Armor
40:59 Iron Casting
42:44 Wheelbarrow
44:14 Town Watch
47:29 Imperial Age
45:15 Stone Mining
45:28 Horse Collar
47:44 Husbandry
47:50 Cavalier
49:13 Heavy Plow
48:54 Hussar
55:01 Fletching
Connection lost

Rejoining the realm…

Still unreachable

The connection could not be restored.

Session expired

The server has moved on; the page needs a fresh start.